AoeStats
← FrankSinatrap

Hideout

510199089Analyzed
1v1 RM · 2d ago on Sep 29, 2026· 30m 7s· 2 players
Game mode
Random Map
Map size
Tiny (2 player)
Population
200
Speed
Normal
Resources
Standard
Victory
Conquest
Starting age
Dark Age
Ending age
Imperial Age
RankedLock teamsTeams togetherTeam positionsShared explorationLock speedFull tech treeHidden civsTurbo modeCheats
Victory
Defeat
🇩🇪 Huns · Germany
1340
+16
🇲🇽 Burmese · Mexico
1337
-16
FrankSinatrap
10:20 Feudal Age
11:27 Loom
14:24 Castle Age
12:37 Horse Collar
12:55 Loom
14:29 Scale Barding Armor
16:16 Wheelbarrow
16:27 Heavy Plow
18:28 Bloodlines
19:52 Forging
21:27 Chain Barding Armor
22:41 Husbandry
23:17 Gold Mining
23:21 Town Watch
26:56 Devotion
Aether
11:15 Feudal Age
12:06 Horse Collar
12:12 Double-Bit Axe
14:55 Castle Age
13:06 Double-Bit Axe
15:38 Wheelbarrow
15:14 Light Cavalry
19:49 Town Watch
20:55 Bow Saw
22:03 Heavy Plow
23:56 Loom
27:15 Imperial Age
25:21 Fletching
26:17 Bodkin Arrow
26:57 Bloodlines
26:47 Husbandry
26:50 Heavy Plow
27:04 Padded Archer Armor
27:52 Ballistics
27:23 Pikeman
28:05 Bracer
29:42 Chemistry
29:07 Leather Archer Armor
30:28 Parthian Tactics
30:12 Thumb Ring
Connection lost

Rejoining the realm…

Still unreachable

The connection could not be restored.

Session expired

The server has moved on; the page needs a fresh start.